Map: Dreamcatcher LE

Players

PacPac

  • Race: Terran Terran
  • Spawn Location: 5:00

Swatopluke - Winner!

  • Race: Protoss Protoss
  • League: Platinum
  • Spawn Location: 11:00

VOD

Have the link to the VOD?

Description

Time

  • Played on: Nov. 12, 2018, 7:32 p.m.
  • Length: 11:47
Show
View Real Time Build Order
Export as new Build Order

PacPac Terran 

Build Orders: Mech 

Get SALT Encoding   

  12  0:00  SCV  
  13  0:13  SCV  
  14  0:21  Supply Depot  
  14  0:25  SCV  
  15  0:42  SCV  
  16  0:44  Barracks  
  16  0:54  SCV  
  16  0:56  Refinery  
  17  1:06  SCV  
  17  1:08  Barracks  
  18  1:18  SCV  
  19  1:31  SCV  
  20  1:33  Supply Depot  
  20  1:43  SCV  
  20  1:45  Barracks Tech Lab  
  21  2:00  Barracks Reactor  
  21  2:01  Barracks  
  21  2:14  Bunker  
  21  2:18  Marine  
  22  2:36  Marauder  
  24  2:50  Command Center  
  24  2:55  Marine x2  
  24  2:58  Barracks Reactor  
  26  3:13  Marine x2  
  28  3:24  Refinery, Concussive Shells  
  28  3:26  SCV  
  28  3:29  Refinery  
  28  3:33  Command Center  
  28  3:38  SCV  
  29  3:55  Marine x2  
  29  3:58  Marauder  
  29  4:01  Marine  
  32  4:11  Bunker  
  32  4:14  Marine x2  
  32  4:16  SCV  
  35  4:19  Marauder  
  37  4:26  Stimpack  
  37  4:28  Marine x2, SCV  
  40  4:32  Factory  
  40  4:34  SCV  
  40  4:42  Orbital Command  
  40  4:55  SCV  
  41  5:13  SCV  
  42  5:20  Command Center  
  42  5:25  Marine x2  
  44  5:32  SCV  
  45  5:36  Orbital Command  
  45  5:41  Factory Tech Lab  
  45  5:44  SCV  
  45  5:49  Bunker  
  46  5:54  Supply Depot  
  46  5:58  Supply Depot  
  46  6:13  SCV  
  46  6:15  Marine x2, SCV  
  48  6:25  SCV  
  48  6:43  Siege Tank  
  51  6:50  Marine x2  
  51  6:51  Marine x2  
  55  7:00  Factory  
  55  7:02  Factory  
  55  7:12  Armory x2  
  55  7:15  Siege Tank  
  57  7:38  SCV  
  58  7:50  SCV  
  59  7:54  SCV  
  60  8:02  SCV, Engineering Bay  
  60  8:06  SCV  
  60  8:10  SCV  
  62  8:14  Factory Reactor  
  62  8:15  Factory Tech Lab  
  62  8:16  Thor  
  68  8:20  Terran Vehicle Weapons Level 1  
  68  8:21  Terran Vehicle And Ship Armor Level 1  
  68  8:22  SCV  
  69  8:31  Refinery  
  69  8:32  SCV  
  70  8:34  SCV  
  71  8:44  SCV  
  66  9:08  Thor  
  70  9:25  Thor  
  74  10:09  Thor  
  67  10:41  Missile Turret  
  61  10:43  Missile Turret  
Show
View Real Time Build Order
Export as new Build Order

Swatopluke Protoss - Winner!

Build Orders:  

Get SALT Encoding   

  12  0:00  Probe  
  13  0:13  Probe  
  14  0:18  Pylon  
  14  0:25  Probe  
  15  0:36  Gateway  
  15  0:38  Probe  
  16  0:48  Probe  
  16  0:50  Assimilator  
  16  0:56  Probe  
  18  1:05  Probe  
  18  1:07  Gateway  
  19  1:24  Cybernetics Core  
  19  1:25  Probe  
  20  1:27  Assimilator  
  20  1:33  Pylon  
  20  1:36  Probe  
  21  1:46  Probe  
  21  1:49  Pylon  
  22  2:01  Adept  
  22  2:02  Robotics Facility  
  24  2:12  Probe  
  25  2:16  Warp Gate  
  25  2:25  Stalker  
  25  2:28  Probe  
  27  2:41  Probe  
  30  2:44  Zealot  
  30  2:51  Immortal  
  34  3:13  Stargate  
  34  3:15  Probe  
  35  3:27  Probe  
  35  3:32  Gateway  
  36  3:39  Probe  
  37  3:52  Probe  
  38  4:04  Probe  
  39  4:13  Nexus  
  39  4:30  Pylon  
  39  4:32  Pylon  
  39  4:46  Void Ray  
  39  4:48  Probe, Immortal  
  48  4:56  Adept  
  50  5:00  Probe  
  50  5:02  Pylon  
  51  5:22  Probe  
  52  5:29  Probe  
  52  5:30  Robotics Bay  
  52  5:32  Assimilator  
  52  5:34  Probe  
  54  5:37  Immortal  
  54  5:38  Probe  
  54  5:42  Probe  
  59  5:46  Probe  
  60  5:50  Probe  
  60  5:51  Assimilator  
  60  5:56  Probe  
  61  6:06  Void Ray  
  65  6:21  Colossus, Extended Thermal Lance  
  65  6:27  Probe x2  
  73  6:39  Probe  
  75  6:40  Probe  
  75  6:45  Gateway  
  75  6:46  Gateway  
  75  6:52  Probe x2  
  77  7:01  Nexus  
  77  7:04  Probe  
  78  7:29  Pylon  
  78  7:30  Pylon  
  78  7:31  Pylon  
  78  7:32  Pylon  
  78  7:37  Colossus  
  78  7:40  Twilight Council  
  78  7:43  Void Ray  
  78  7:47  Probe x2  
  90  7:59  Probe x2  
  90  8:06  Zealot  
  90  8:07  Zealot x4  
  90  8:11  Probe x2  
  102  8:21  Assimilator  
  102  8:23  Probe  
  102  8:24  Gateway  
  102  8:25  Colossus  
  103  8:31  Forge  
  103  8:32  Probe, Forge  
  103  8:33  Probe  
  111  9:07  Charge  
  111  9:08  Colossus  
  111  9:14  Void Ray  
  115  9:19  Zealot x2  
  115  9:21  Protoss Ground Weapons Level 1, Protoss Ground Armor Level 1  
  121  9:44  Zealot x2  
  125  9:52  Assimilator  
  125  9:55  Pylon  
  125  9:57  Pylon x2  
  125  9:58  Pylon  
  125  10:11  Void Ray  
  125  10:13  Probe x3  
  125  10:14  Colossus  
  126  10:54  Void Ray  
  120  10:58  Zealot x2  
  120  10:59  Zealot x4  
  122  11:23  Zealot x2  
  122  11:24  Zealot x4  
Tags
 
Composition
Mech
League
Platinum
Matchup
PvT
Replay Pack
Swatopluke
Spawn Locations
Cross Positions
Add a new tag
Caveats
  • Supply blocks, unpowered buildings, or Contaminate may cause inaccurate times.
  • Supply counts are checked every 10 seconds.